[ AOE2 MATCH · #504971700 ]
UnrankedVikings vs Maya
Player's team · LOSS
Rival team · WIN
[ REPLAY ANALYSIS · EXTRACTED FROM THE RECORDED GAME ]
Feudal
10:15
Castle
23:39
Imperial
—
| APM avg | 72.5 |
| APM peak | 105 |
| eAPM avg | 24.3 |
| Villagers / military | 65 / 49 |
Focus
⚔️ 38.8% · 🌾 61.2%
Skirmisher ×22 · Archer ×16 · Militia ×10 · Knight ×1
Feudal
10:13
Castle
22:18
Imperial
—
| APM avg | 77.9 |
| APM peak | 126 |
| eAPM avg | 34.4 |
| Villagers / military | 55 / 61 |
Focus
⚔️ 42.5% · 🌾 57.5%
Eagle Scout ×29 · Archer ×18 · Militia ×9 · Monk ×2 · Scorpion ×1 · Spearman ×1
Match map
Initial resources + every placement click. Lines = walls · curves = elevation contours. ◆ gold · ⬟ stone · ● berries · ✦ relic · ◌ wall gap
Your base· ✓ Closed at 23:39 · 35t walls · 1 gate(s)
不想再玩AOE了's base· Open — unwalled flank
Smoothed initial terrain · ◌ = detected wall gap · hover for details
Inputs per minute
— Feroker - - 不想再玩AOE了
Build order — Feroker
First 150 of 200 actions detected
| 0:01 | Create | Villager (Male) |
| 0:02 | Build | House |
| 0:02 | Build | House |
| 0:04 | Create | Villager (Male) |
| 0:04 | Create | Villager (Male) |
| 0:07 | Create | Villager (Male) |
| 1:26 | Create | Villager (Male) |
| 1:47 | Build | Lumber Camp |
| 1:52 | Create | Villager (Male) |
| 2:24 | Create | Villager (Male) |
| 2:50 | Create | Villager (Male) |
| 2:55 | Create | Villager (Male) |
| 2:55 | Create | Villager (Male) |
| 3:29 | Create | Villager (Male) |
| 3:29 | Create | Villager (Male) |
| 3:58 | Build | House |
| 4:04 | Create | Villager (Male) |
| 4:29 | Create | Villager (Male) |
| 4:30 | Create | Villager (Male) |
| 4:30 | Create | Villager (Male) |
| 4:34 | Build | Barracks |
| 5:03 | Build | House |
| 5:08 | Create | Villager (Male) |
| 5:35 | Create | Villager (Male) |
| 5:36 | Create | Militia |
| 5:36 | Create | Militia |
| 6:03 | Create | Villager (Male) |
| 6:05 | Build | Mill |
| 6:30 | Create | Villager (Male) |
| 6:52 | Create | Militia |
| 7:10 | Create | Villager (Male) |
| 7:22 | Research | Loom |
| 8:05 | Research | Feudal Age |
| 8:05 | Research | Feudal Age |
| 8:11 | Build | Mining Camp |
| 8:26 | Build | House |
| 8:31 | Build | House |
| 8:45 | Create | Militia |
| 8:45 | Create | Militia |
| 9:05 | Create | Militia |
| 9:05 | Create | Militia |
| 9:05 | Create | Militia |
| 9:23 | Build | Palisade Wall |
| 9:32 | Create | Villager (Male) |
| 9:36 | Create | Militia |
| 9:43 | Create | Militia |
| 10:15 | Age | Feudal Age |
| 10:16 | Research | Man-at-Arms (upgrade) |
| 10:17 | Research | Double-Bit Axe |
| 10:18 | Create | Villager (Male) |
| 10:22 | Build | Archery Range |
| 10:59 | Create | Villager (Male) |
| 11:09 | Build | Mill |
| 11:20 | Create | Archer |
| 11:20 | Create | Villager (Male) |
| 11:42 | Build | House |
| 11:48 | Create | Skirmisher |
| 11:50 | Create | Villager (Male) |
| 12:11 | Create | Villager (Male) |
| 12:18 | Create | Archer |
| 12:20 | Create | Villager (Male) |
| 12:22 | Build | Blacksmith |
| 12:34 | Create | Skirmisher |
| 12:40 | Build | Farm |
| 12:41 | Build | Farm |
| 12:45 | Create | Villager (Male) |
| 13:04 | Create | Villager (Male) |
| 13:08 | Research | Fletching |
| 13:08 | Research | Fletching |
| 13:11 | Build | House |
| 13:12 | Build | House |
| 13:20 | Create | Villager (Male) |
| 13:21 | Build | House |
| 13:22 | Build | Palisade Wall |
| 13:26 | Build | Palisade Gate |
| 13:30 | Create | Skirmisher |
| 13:33 | Create | Villager (Male) |
| 13:56 | Create | Villager (Male) |
| 14:03 | Create | Skirmisher |
| 14:08 | Build | Farm |
| 14:11 | Build | Farm |
| 14:12 | Create | Villager (Male) |
| 14:19 | Build | Palisade Wall |
| 14:25 | Create | Skirmisher |
| 14:42 | Build | House |
| 14:51 | Create | Villager (Male) |
| 14:58 | Research | Padded Archer Armor |
| 14:59 | Create | Skirmisher |
| 15:04 | Build | Farm |
| 15:16 | Create | Villager (Male) |
| 15:21 | Create | Skirmisher |
| 15:27 | Build | Farm |
| 15:30 | Build | Farm |
| 15:34 | Build | Farm |
| 15:42 | Build | House |
| 15:48 | Create | Skirmisher |
| 15:49 | Create | Villager (Male) |
| 15:52 | Create | Skirmisher |
| 15:53 | Create | Villager (Male) |
| 16:03 | Create | Villager (Male) |
| 16:10 | Build | Farm |
| 16:14 | Build | Farm |
| 16:20 | Create | Skirmisher |
| 16:32 | Create | Villager (Male) |
| 16:35 | Create | Skirmisher |
| 16:39 | Build | Farm |
| 16:43 | Build | House |
| 16:45 | Build | Palisade Wall |
| 16:46 | Build | Palisade Wall |
| 16:50 | Create | Villager (Male) |
| 16:53 | Build | Palisade Wall |
| 16:55 | Build | Farm |
| 16:56 | Build | Farm |
| 16:56 | Build | Farm |
| 16:56 | Build | Farm |
| 16:56 | Build | Farm |
| 17:02 | Create | Skirmisher |
| 17:11 | Build | Farm |
| 17:24 | Create | Skirmisher |
| 17:39 | Build | Lumber Camp |
| 17:56 | Create | Skirmisher |
| 17:56 | Create | Villager (Male) |
| 18:16 | Create | Skirmisher |
| 18:17 | Create | Villager (Male) |
| 18:26 | Create | Villager (Male) |
| 18:39 | Create | Villager (Male) |
| 18:40 | Build | House |
| 18:41 | Build | House |
| 18:44 | Create | Villager (Male) |
| 18:45 | Build | Palisade Wall |
| 18:53 | Create | Skirmisher |
| 18:55 | Create | Villager (Male) |
| 19:02 | Create | Villager (Male) |
| 19:04 | Build | Market |
| 19:06 | Create | Skirmisher |
| 19:06 | Create | Villager (Male) |
| 19:19 | Build | Farm |
| 19:21 | Build | Farm |
| 19:31 | Create | Villager (Male) |
| 19:32 | Create | Skirmisher |
| 19:34 | Build | Farm |
| 19:41 | Build | House |
| 19:43 | Build | House |
| 19:46 | Create | Skirmisher |
| 19:47 | Create | Villager (Male) |
| 20:20 | Build | Farm |
| 20:21 | Build | Farm |
| 20:59 | Research | Castle Age |
| 20:59 | Research | Castle Age |
| 21:15 | Build | Farm |
Build order — 不想再玩AOE了
First 150 of 197 actions detected
| 0:01 | Research | Loom |
| 0:02 | Build | House |
| 0:03 | Build | House |
| 0:07 | Create | Villager (Male) |
| 0:08 | Create | Villager (Male) |
| 0:08 | Create | Villager (Male) |
| 0:08 | Create | Villager (Male) |
| 1:26 | Create | Villager (Male) |
| 2:02 | Create | Villager (Male) |
| 2:03 | Create | Villager (Male) |
| 2:08 | Build | Lumber Camp |
| 2:19 | Create | Villager (Male) |
| 2:39 | Create | Villager (Male) |
| 2:39 | Create | Villager (Male) |
| 3:06 | Create | Villager (Male) |
| 3:33 | Create | Villager (Male) |
| 3:47 | Create | Villager (Male) |
| 3:53 | Build | House |
| 4:08 | Create | Villager (Male) |
| 4:34 | Build | Barracks |
| 4:54 | Create | Villager (Male) |
| 5:07 | Build | House |
| 5:12 | Create | Villager (Male) |
| 5:27 | Create | Militia |
| 5:27 | Create | Militia |
| 5:30 | Create | Militia |
| 5:44 | Create | Villager (Male) |
| 6:02 | Create | Villager (Male) |
| 6:07 | Build | House |
| 6:18 | Create | Villager (Male) |
| 6:31 | Build | Mill |
| 6:42 | Create | Villager (Male) |
| 7:09 | Create | Villager (Male) |
| 7:13 | Create | Militia |
| 8:03 | Research | Feudal Age |
| 8:22 | Create | Militia |
| 8:28 | Build | Mining Camp |
| 9:04 | Build | House |
| 9:08 | Build | House |
| 9:13 | Create | Militia |
| 10:09 | Build | House |
| 10:10 | Build | Palisade Wall |
| 10:13 | Age | Feudal Age |
| 10:16 | Research | Man-at-Arms (upgrade) |
| 10:16 | Research | Man-at-Arms (upgrade) |
| 10:19 | Create | Villager (Male) |
| 10:28 | Build | Archery Range |
| 10:35 | Create | Villager (Male) |
| 10:50 | Build | Mill |
| 10:53 | Create | Villager (Male) |
| 11:04 | Research | Double-Bit Axe |
| 11:05 | Create | Archer |
| 11:13 | Create | Archer |
| 11:16 | Create | Villager (Male) |
| 11:17 | Create | Militia |
| 11:41 | Build | Farm |
| 11:42 | Build | Farm |
| 11:56 | Create | Villager (Male) |
| 11:57 | Build | Farm |
| 11:58 | Create | Archer |
| 12:10 | Create | Villager (Male) |
| 12:32 | Create | Eagle Scout |
| 12:39 | Build | House |
| 12:44 | Build | Farm |
| 12:46 | Build | Blacksmith |
| 12:47 | Create | Villager (Male) |
| 12:47 | Create | Villager (Male) |
| 12:53 | Create | Archer |
| 13:02 | Build | Farm |
| 13:06 | Create | Eagle Scout |
| 13:11 | Create | Archer |
| 13:12 | Create | Villager (Male) |
| 13:21 | Build | Farm |
| 13:26 | Build | Farm |
| 13:32 | Build | House |
| 13:35 | Create | Villager (Male) |
| 13:37 | Create | Archer |
| 13:55 | Build | Farm |
| 14:03 | Create | Villager (Male) |
| 14:09 | Build | House |
| 14:12 | Build | Farm |
| 14:19 | Build | Farm |
| 14:22 | Research | Fletching |
| 14:29 | Create | Villager (Male) |
| 14:41 | Create | Archer |
| 14:50 | Create | Villager (Male) |
| 14:52 | Build | House |
| 15:04 | Build | Farm |
| 15:06 | Create | Archer |
| 15:12 | Create | Villager (Male) |
| 15:14 | Build | Farm |
| 15:21 | Create | Eagle Scout |
| 15:27 | Build | House |
| 15:34 | Create | Villager (Male) |
| 15:36 | Build | Farm |
| 15:38 | Build | Farm |
| 15:43 | Research | Scale Mail Armor |
| 15:44 | Create | Archer |
| 15:56 | Build | House |
| 16:00 | Create | Villager (Male) |
| 16:04 | Build | Farm |
| 16:07 | Create | Eagle Scout |
| 16:13 | Build | Palisade Wall |
| 16:19 | Create | Archer |
| 16:31 | Create | Militia |
| 16:34 | Create | Villager (Male) |
| 16:38 | Build | House |
| 16:43 | Create | Archer |
| 16:44 | Create | Villager (Male) |
| 16:51 | Research | Forging |
| 16:53 | Create | Eagle Scout |
| 16:59 | Create | Villager (Male) |
| 17:05 | Create | Militia |
| 17:10 | Build | Palisade Wall |
| 17:12 | Research | Wheelbarrow |
| 17:12 | Research | Wheelbarrow |
| 17:18 | Create | Archer |
| 17:19 | Create | Eagle Scout |
| 17:35 | Build | Farm |
| 17:36 | Build | Farm |
| 17:44 | Create | Eagle Scout |
| 17:46 | Create | Villager (Male) |
| 18:01 | Build | Farm |
| 18:03 | Build | House |
| 18:22 | Create | Villager (Male) |
| 18:24 | Create | Eagle Scout |
| 18:59 | Create | Archer |
| 19:18 | Build | Barracks |
| 19:38 | Research | Castle Age |
| 19:38 | Research | Castle Age |
| 19:38 | Research | Castle Age |
| 19:40 | Build | Mining Camp |
| 19:46 | Create | Eagle Scout |
| 20:02 | Create | Archer |
| 20:19 | Create | Eagle Scout |
| 20:35 | Create | Spearman |
| 20:35 | Create | Eagle Scout |
| 20:48 | Build | Lumber Camp |
| 20:48 | Create | Villager (Male) |
| 20:52 | Create | Archer |
| 21:04 | Create | Eagle Scout |
| 21:06 | Create | Archer |
| 21:13 | Research | Gold Mining |
| 21:13 | Research | Gold Mining |
| 21:14 | Research | Horse Collar |
| 21:14 | Research | Horse Collar |
| 21:20 | Create | Villager (Male) |
| 21:33 | Create | Eagle Scout |
| 21:47 | Create | Villager (Male) |
| 22:01 | Create | Archer |
Match timeline
| 4:34 | Feroker · first_building Barracks |
| 4:34 | 不想再玩AOE了 · first_building Barracks |
| 9:23 | Feroker · wall_segment Palisade Wall x15 |
| 10:10 | 不想再玩AOE了 · wall_segment Palisade Wall x2 |
| 10:13 | 不想再玩AOE了 · age_up feudal |
| 10:15 | Feroker · age_up feudal |
| 10:22 | Feroker · first_building Archery Range |
| 10:28 | 不想再玩AOE了 · first_building Archery Range |
| 13:22 | Feroker · wall_segment Palisade Wall x1 |
| 14:19 | Feroker · wall_segment Palisade Wall x1 |
| 16:13 | 不想再玩AOE了 · wall_segment Palisade Wall x1 |
| 16:45 | Feroker · wall_segment Palisade Wall x12 |
| 16:46 | Feroker · wall_segment Palisade Wall x4 |
| 16:53 | Feroker · wall_segment Palisade Wall x1 |
| 17:10 | 不想再玩AOE了 · wall_segment Palisade Wall x8 |
| 18:45 | Feroker · wall_segment Palisade Wall x1 |
| 20:27 | Feroker · first_market_sell 100 wood |
| 20:49 | Feroker · first_market_buy 100 food |
| 22:18 | 不想再玩AOE了 · age_up castle |
| 22:58 | 不想再玩AOE了 · first_building Siege Workshop |
| 23:20 | Feroker · first_building Stable |
| 23:39 | Feroker · age_up castle |
| 23:52 | 不想再玩AOE了 · first_building Monastery |
| 26:40 | Feroker · resign |
[ AI ANALYSIS · 1 CREDIT ]
What really happened in this match?
Wolo.gg analyzes every decision: build order, eco, micro, common mistakes by bracket. Personalized analysis on WhatsApp or Discord in 30 seconds.
Civ guide
Vikings
Perfil
Jugador #228725